 Dungeon Crawl Stone Soup version 0.29.1-1-gd02db6906a (webtiles) character file.

Game seed: 5815612759789225051

294 Zeld the Trooper (level 6, 3/62 HPs)
             Began as an Ogre Hunter on Oct 7, 2022.
             Quit the game on level 3 of the Dungeon.
             The game lasted 00:04:50 (4491 turns).

Zeld the Trooper (Ogre Hunter)                      Turns: 4491, Time: 00:04:51

Health: 3/62       AC: -11   Str: 16    XL:     6   Next: 33%
Magic:  6/6        EV: 10    Int: 10    God:
Gold:   52         SH:  0    Dex: 14    Spells: 5/5 levels left

rFire   . . .      SeeInvis .   b - +0 falchion
rCold   . . .      Faith    .   (no shield)
rNeg    . . .      Spirit   .   c - +0 robe
rPois   .          Reflect  .   (helmet restricted)
rElec   .          Harm     .   i - +1 cloak
rCorr   .          Rampage  .   (gloves unavailable)
Will    .....                   (boots unavailable)
Stlth   ++........              (no amulet)
HPRegen 0.20/turn               (no ring)
MPRegen 0.10/turn               (no ring)

@: corroded
A: large, unfitting armour, tough skin 1
a: no special abilities


You were on level 3 of the Dungeon.
You visited 1 branch of the dungeon, and saw 3 of its levels.

You collected 52 gold pieces.

Inventory:

Hand Weapons
 a - a +0 shortbow
 b - a +0 falchion (weapon)
Armour
 c - a +0 robe (worn)
 i - a +1 cloak (worn)
Jewellery
 j - an amulet of magic regeneration
Scrolls
 d - a scroll of immolation
 h - 3 scrolls of enchant armour {unknown}
 k - a scroll of butterflies {unknown}
 m - a scroll of magic mapping {unknown}
Potions
 e - a potion of heal wounds {unknown}
 f - 2 potions of degeneration {unknown}
 g - a potion of might {unknown}
 l - a potion of attraction {unknown}
 n - a potion of curing
 o - 2 potions of brilliance {unknown}


   Skills:
 + Level 4.0 Fighting
 * Level 2.8 Long Blades
 * Level 3.9 Ranged Weapons
 + Level 2.6 Dodging
 + Level 1.9 Stealth


You had 5 spell levels left.
You didn't know any spells.
Your spell library was empty.

Dungeon Overview and Level Annotations

Branches:
Dungeon (3/15)

Altars:


Innate Abilities, Weirdness & Mutations

You are too large for most types of armour.
You have tough skin. (AC +1)


Message History

The orc hits you but does no damage. x2
You hit the orc.
You kill the orc!
The orc hits you with a +0 hand axe. The jelly hits you but does no damage.
The orc closely misses you.
Things that are here:
a +0 club; an orc corpse You slash the jelly!
Your hands burn!
The jelly is moderately wounded.
The jelly closely misses you. The orc closely misses you.
You hit the jelly. The acid corrodes you!
Your hands burn!
The jelly is severely wounded.
The jelly hits you. The acid corrodes you!
You are splashed with acid!
The orc hits you with a +0 hand axe.
You hit the jelly but do no damage.
Your hands burn!
The jelly is severely wounded.
The jelly hits you.
You are splashed with acid.
The orc closely misses you.
You are too injured to fight recklessly!
You are too injured to fight recklessly!
You hit the jelly but do no damage. The acid corrodes you!
Your hands burn!
The jelly is severely wounded.
The jelly closely misses you. The orc closely misses you.
The jelly barely misses you. The orc closely misses you.
You are too injured to fight recklessly!
The jelly attacks as you move away! The jelly barely misses you.
The jelly attacks as you move away! The jelly barely misses you.
The orc attacks as you move away! The orc misses you.
The orc attacks as you move away! The orc hits you with a +0 hand axe!
* * * LOW HITPOINT WARNING * * *
The jelly attacks as you move away! The jelly barely misses you.
The jelly jiggles.
The jelly attacks as you move away! The jelly barely misses you.
You hit the jelly but do no damage. The acid corrodes you!
Your hands burn!
* * * LOW HITPOINT WARNING * * *
The jelly is heavily wounded.
The jelly hits you.
* * * LOW HITPOINT WARNING * * *
The acid corrodes you!
You are splashed with acid!
* * * LOW HITPOINT WARNING * * *
Are you sure you want to abandon this character and quit the game? (Confirm with "yes".)

####'#...<..........#.########.
#....##...........#........#.
#.................########.#.
#...###...........# #.
##....#...........# #.
####.###########.# #. #.# #...#
### #. #.#########...#... #.
#.#.....@Jo...#.########.
#...#########)...........
#..##....####.###.#......
#..).....................
#.............#####......
###.#.........# #.[..####
#....#......# #.##S#
###.##......# #....##
#.o..###### ####..###


You could see a jelly and an orc.

Vanquished Creatures
  Sigmund (D:2)
  An orc priest (D:2)
  A gnoll (D:1)
  2 adders
  A worm (D:2)
  A dart slug (D:1)
  10 orcs
  2 ball pythons
  4 bats
  5 endoplasms
  A giant cockroach (D:1)
  6 goblins
  7 hobgoblins
  A quokka (D:1)
  6 frilled lizards (D:2)
  7 kobolds
  9 rats
65 creatures vanquished.

Notes
Turn   | Place    | Note
-------+----------+-------------------------------------------
     0 | D:1      | Zeld the Ogre Hunter began the quest for the Orb.
     0 | D:1      | Reached XP level 1. HP: 22/22 MP: 1/1
   104 | D:1      | Reached skill level 3 in Fighting
   104 | D:1      | Reached XP level 2. HP: 26/31 MP: 2/2
   303 | D:1      | Reached skill level 1 in Long Blades
   424 | D:1      | Reached skill level 1 in Stealth
   424 | D:1      | Reached XP level 3. HP: 35/37 MP: 3/3
   750 | D:2      | Noticed Sigmund
  1386 | D:2      | Killed Sigmund
  1387 | D:2      | Reached XP level 4. HP: 36/48 MP: 4/4
  1387 | D:2      | Reached XP level 5. HP: 41/54 MP: 5/5
  2078 | D:2      | Found a faded altar of an unknown god.
  2157 | D:2      | Identified the +8 ring mail of the Onion {Int+3}
  2975 | D:2      | Reached XP level 6. HP: 45/62 MP: 6/6
  3825 | D:2      | Reached skill level 4 in Fighting
  4490 | D:3      | HP: 3/62 [acid (8)]
  4491 | D:3      | Quit the game

Illustrated notes

Levels and vault maps discovered:
D:1:      heliophobic_arrival_battle_scene, layout_loops_cross
D:2:      layout_rooms, hellmonk_ecumenical_altar_arch_garden, uniq_sigmund
D:3:      layout_basic, lemuel_zombie_altar_kikubaaqudgha, st_stairs_7,
          minivault_27, uniq_crazy_yiuf_cottage

Skill      XL: |  1  2  3  4  5  6 |
---------------+-------------------+-----
Ranged Weapons | 3 |  3.9
Fighting       | 3 4 |  4.0
Long Blades    | 1 2 |  2.8
Dodging        | 2 |  2.6
Stealth        | 1 |  1.9

Action                   |  1- 3 |  4- 6 || total
-------------------------+-------+-------++-------
Melee: Falchion          |       |   136 ||   136
 Fire: Shortbow          |    90 |    52 ||   142
  Use: Potion            |       |     1 ||     1
Armor: Robe              |     8 |    76 ||    84
Dodge: Dodged            |    24 |   133 ||   157
